 Dungeon Crawl Stone Soup version 0.32-a0-871-ge202e49faa (webtiles) character file.

Game seed: 1945136838691209939

319 bmack86 the Chopper (level 6, -3/51 HPs)
             Began as a Minotaur Fighter on Mar 30, 2024.
             Slain by Menkaure (22 damage)
             ... on level 4 of the Dungeon.
             The game lasted 00:05:33 (2339 turns).

bmack86 the Chopper (Minotaur Fighter)              Turns: 2339, Time: 00:05:34

Health: -3/51      AC: 11    Str: 23    XL:     6   Next: 21%
Magic:  5/5        EV:  9    Int:  5    God:
Gold:   243        SH: 10    Dex: 14    Spells: 5/5 levels left

rFire   . . .        a - +0 war axe
rCold   . . .        c - +0 buckler
rNeg    . . .        m - +5 ring mail of the Stone Wall {-Tele Harm Dex+5 Stlth+}
rPois   .            (helmet restricted)
rElec   .            f - +0 cloak
rCorr   +            (no gloves)
SInv    .            (no boots)
Will    .....        n - amulet of reflection
Stlth   ++           p - ring of resist corrosion
HPRegen 0.28/turn    (no ring)
MPRegen 0.09/turn

%: no teleportation, harm (+30% outgoing, +20% incoming), reflection
@: no status effects
A: horns 2, retaliatory headbutt
a: no special abilities


You were on level 4 of the Dungeon.
You visited 1 branch of the dungeon, and saw 4 of its levels.

You collected 243 gold pieces.

Inventory:

Hand Weapons
 a - a +0 war axe (weapon)
Missiles
 e - 4 boomerangs (quivered)
 o - 4 javelins
 v - a throwing net
Armour
 b - a +0 scale mail
 c - a +0 buckler (worn)
 f - a +0 cloak (worn)
 m - the +5 ring mail of the Stone Wall (worn) {-Tele Harm Dex+5 Stlth+}
   (You took it off a kobold on level 2 of the Dungeon)

   Dex+5:     It affects your dexterity (+5).
   -Tele:     It prevents most forms of teleportation.
   Harm:      It increases damage dealt and taken.
   Stlth+:    It makes you more stealthy.
Jewellery
 n - an amulet of reflection (around neck)
 p - a ring of resist corrosion (left hand)
Wands
 t - a wand of mindburst (10)
Scrolls
 h - 5 scrolls of identify {unknown}
 i - a scroll of fog {unknown}
 k - a scroll of noise {unknown}
 l - 2 scrolls of teleportation {unknown}
 q - a scroll of amnesia {unknown}
 r - a scroll of torment {unknown}
Potions
 d - 2 potions of might
 g - 2 potions of curing
 j - a potion of berserk rage {unknown}
 s - a potion of attraction {unknown}
 u - a potion of haste {unknown}


   Skills:
 - Level 3.6 Fighting
 + Level 7.2 Axes
 - Level 3.6 Armour
 - Level 5.0 Shields


You had 5 spell levels left.
You didn't know any spells.
Your spell library contained the following spells:

 Spells                   Type           Power      Damage    Failure   Level
 Call Canine Familiar     Summ           0%         N/A       96%         3
 Sigil of Binding         Hex            0%         N/A       96%         3
 Dimensional Bullseye     Hex/Tloc       0%         N/A       100%        4


Dungeon Overview and Level Annotations

Branches:
Dungeon (4/15)
 Temple: D:4-7

Altars:
Makhleb
Xom

Annotations:
D:4 Menkaure


Innate Abilities, Weirdness & Mutations

You have a pair of horns on your head.
You reflexively headbutt those who attack you in melee.


Message History

A giant cockroach comes into view.
A giant cockroach is nearby!
You throw a boomerang. The boomerang hits the giant cockroach.
The giant cockroach is moderately wounded.
You throw a boomerang. The boomerang hits the giant cockroach.
The giant cockroach is severely wounded.
You throw a boomerang.
The boomerang hits the giant cockroach and shatters for extra damage.
You kill the giant cockroach!
You now have 243 gold pieces (gained 15).
v - a throwing net An ogre comes into view.
It is wielding a +0 giant spiked club.
You throw a boomerang. The boomerang hits the ogre.
The ogre is lightly wounded.
You throw a boomerang. The boomerang hits the ogre.
The ogre is moderately wounded.
You throw a boomerang. The boomerang hits the ogre!
The ogre is severely wounded.
The ogre hits you but does no damage.
You slash the ogre!
You kill the ogre!
Your Axes skill increases to level 7!
You have reached level 6!
You see here a +0 giant spiked club.
Menkaure, Prince of Dust comes into view.
You throw a boomerang. The boomerang hits Menkaure.
Menkaure shouts!
Menkaure is moderately damaged.
Menkaure calls on the powers of darkness!
Your body is wracked with pain!
Ouch! That really hurt!
You are too injured to fight recklessly!
Unknown command.
Menkaure casts a spell at you. Pain shoots through your body!
It was a potion of curing.
You feel better.
Menkaure calls on the powers of darkness!
Your body is wracked with pain!
Menkaure hits you!!
You die...

.................#
##.#..#....###.####
#.#..............#
# .#.......###.####
. .. .........# #.#
... ...#....# #.#
#.# #.......# #.#
..# ....#...###.###
#.# #M@.......##
#.## #.#........#
...# ####
#.##.##.#.##
#..##...#
#.##.##.#.#
#.......#
#.##.##.#.#
<.†.....#
#.M...#.#.#
........#
#.........#
#...#...#
#.##..#.#.#
.......##
#.##..#.#.##


You could see Menkaure.

Vanquished Creatures
  A black bear (D:4)
  An ogre (D:4)
  6 adders
  3 dart slugs (D:1)
  4 ribbon worms
  2 orcs (D:3)
  7 ball pythons
  6 bats
  5 endoplasms
  3 giant cockroaches
  8 goblins
  4 hobgoblins
  9 kobolds
  2 quokkas (D:2)
  6 frilled lizards
  7 rats
74 creatures vanquished.

Notes
Turn   | Place    | Note
-------+----------+-------------------------------------------
     0 | D:1      | bmack86 the Minotaur Fighter began the quest for the Orb.
     0 | D:1      | Reached XP level 1. HP: 19/19 MP: 0/0
   109 | D:1      | Reached XP level 2. HP: 26/26 MP: 1/1
   304 | D:1      | Reached skill level 3 in Axes
   522 | D:1      | Reached XP level 3. HP: 30/31 MP: 2/2
   835 | D:2      | Reached skill level 5 in Shields
   988 | D:2      | Identified the +5 ring mail of the Stone Wall {-Tele Harm
                  | Dex+5 Stlth+}
   990 | D:2      | Reached skill level 4 in Axes
   993 | D:2      | Found a faded altar of an unknown god.
  1048 | D:2      | Found a shimmering altar of Xom.
  1057 | D:2      | Reached XP level 4. HP: 39/39 MP: 3/3
  1667 | D:3      | Found a burning altar of Makhleb.
  1849 | D:3      | Reached skill level 5 in Axes
  2102 | D:4      | Reached XP level 5. HP: 41/45 MP: 4/4
  2178 | D:4      | Noticed a black bear
  2182 | D:4      | Killed a black bear
  2183 | D:4      | Reached skill level 6 in Axes
  2273 | D:4      | Noticed an ogre
  2277 | D:4      | Killed an ogre
  2278 | D:4      | Reached skill level 7 in Axes
  2278 | D:4      | Reached XP level 6. HP: 51/51 MP: 5/5
  2291 | D:4      | Noticed Menkaure
  2339 | D:4      | Slain by Menkaure

Illustrated notes

Levels and vault maps discovered:
D:1:      scummos_arrival_forest, layout_basic
D:2:      minmay_recursive_quarters, layout_rooms, basic_altar,
          dreamdust_ecumenical_altar_statues
D:3:      layout_basic, bloody_makhleb
D:4:      layout_basic, led_xom_imps, tgw_kikubaaqudgha,
          minmay_temple_entry_offerings, minmay_liquid_box,
          columned_hall_lemuel, grunt_decor_junction, uniq_menkaure, uniq_edmund

Skill      XL: |  1  2  3  4  5 |
---------------+----------------+-----
Shields        | 4 5 |  5.0
Axes           | 3 4 5 7 |  7.2
Fighting       | |  3.6
Armour         | |  3.6

Action                     |  1- 3 |  4- 6 || total
---------------------------+-------+-------++-------
  Melee: War axe           |    38 |    44 ||    82
         Headbutt          |     9 |     6 ||    15
  Throw: Boomerang         |    54 |    27 ||    81
    Use: Potion            |       |     1 ||     1
   Stab: Sleeping          |       |     1 ||     1
 Armour: Scale mail        |    68 |       ||    68
         Ring mail         |     2 |    29 ||    31
  Dodge: Dodged            |    27 |    23 ||    50
  Block: Buckler           |    17 |    18 ||    35
         Reflection        |       |     5 ||     5

Table legend: (Time is in decaauts)
 A = Elapsed time spent in this place.
 B = Non-inter-level travel time spent in this place.
 C = Inter-level travel time spent in this place.
 D = Time resting spent in this place.
 E = Time spent auto-exploring this place.
 F = Levels seen in this place.
 G = Mean time per level.
                   A        B        C        D        E       F      G
               +--------+--------+--------+--------+--------+-----+--------+
         Total |   2390 |   2365 |     25 |      0 |   1736 |   4 |  597.5 |
       Dungeon |   2390 |   2365 |     25 |      0 |   1736 |   4 |  597.5 |
               +--------+--------+--------+--------+--------+-----+--------+

Top non-repeatable levels by time:
     D:3: 821 daAuts
     D:1: 744 daAuts
     D:2: 574 daAuts
     D:4: 249 daAuts
